 Dungeon Crawl Stone Soup version 0.18.1-47-g9310371 (webtiles) character file.

778 Gargoyl the Covered (level 7, -1/56 HPs)
             Began as a Demonspawn Abyssal Knight on June 20, 2016.
             Was a Priest of Lugonu.
             Slain by an ogre
             ... wielding a +0 giant club
              (9 damage)
             ... on level 5 of the Dungeon.
             The game lasted 00:12:03 (5031 turns).

Gargoyl the Covered (Demonspawn Abyssal Knight)     Turns: 5031, Time: 00:12:03

Health: -1/56      AC: 12    Str: 13 (14) XL:     7   Next: 54%
Magic:  8/8        EV:  6    Int: 12 (13) God:    Lugonu [***...]
Gold:   171        SH:  0    Dex: 13      Spells: 0 memorised, 6 levels left

rFire  . . .     SeeInvis +     y - +0 war axe
rCold  . . .     Gourm    .     x - +0 plate armour
rNeg   . . .     Faith    .     (no shield)
rPois  .         Spirit   .     (no helmet)
rElec  .         Dismiss  .     (no cloak)
rCorr  .         Reflect  .     (no gloves)
SustAt .         Harm     .     (no boots)
MR     .....                    (no amulet)
Stlth  ..........               (no ring)
                                v - ring of see invisible

@: not resistant to hostile enchantments, extremely unstealthy
A: claws 1, demonic guardian 1, powered by pain 1, sturdy frame 1
a: Depart the Abyss, Bend Space, Banish, Renounce Religion


You were on level 5 of the Dungeon.
You worshipped Lugonu.
Lugonu was most pleased with you.
You were not hungry.

You visited 1 branch of the dungeon, and saw 5 of its levels.
You visited the Abyss 1 time.

You collected 171 gold pieces.

Inventory:

Hand Weapons
 y - a +0 war axe (weapon)
Missiles
 f - 4 tomahawks
 k - 4 silver tomahawks (quivered)
Armour
 x - a +0 plate armour (worn)
Jewellery
 v - a ring of see invisible (left claw)
Wands
 a - a wand of polymorph (12/24)
 w - a wand of random effects (18/48)
 A - a wand of acid (3/15)
Scrolls
 e - a scroll of fog {unknown}
 g - 2 scrolls of remove curse {unknown}
 h - 2 scrolls of enchant weapon {unknown}
 i - 7 scrolls of identify
 j - a scroll of fear {unknown}
 n - a scroll of magic mapping {unknown}
 o - a scroll of amnesia {unknown}
 p - a scroll of enchant armour {unknown}
 q - 2 scrolls of noise {unknown}
 z - a scroll of teleportation {unknown}
Potions
 r - a potion of might {unknown}
 s - a potion of mutation {unknown}
 t - 2 potions of agility
Books
 d - Vehumet's Almanac of Conjuration
   (You found it on level 4 of the Dungeon)

   Spells                             Type                      Level
   a - Magic Dart                     Conjuration                  1
 B - a book of Power

   Spells                             Type                      Level
   a - Fulminant Prism                Conjuration/Hexes            4
   b - Iskenderun's Mystic Blast      Conjuration                  4
   c - Venom Bolt                     Conjuration/Poison           5
   d - Bolt of Magma                  Conjuration/Fire/Earth       5
   e - Iron Shot                      Conjuration/Earth            6
   f - Orb of Destruction             Conjuration                  7
   g - Spellforged Servitor           Conjuration/Summoning        7
Comestibles
 b - a beef jerky
 c - a bread ration
 m - 4 meat rations


   Skills:
 + Level 5.0 Fighting
 + Level 3.9 Axes
 + Level 0.1 Throwing
 * Level 5.3 Armour
 + Level 2.3 Dodging
 + Level 0.4 Stealth
 + Level 2.6 Invocations


You had 6 spell levels left.
You didn't know any spells.

Dungeon Overview and Level Annotations

Branches:
Dungeon (5/15)
 Temple: D:4-7

Altars:
Ashenzari
Kikubaaqudgha
Sif Muna
Trog
Vehumet
Xom
Yredelemnul


Innate Abilities, Weirdness & Mutations

You have sharp fingernails.
A weak demonic guardian rushes to your aid.
You sometimes gain a little power by taking damage.
Your movements are slightly less encumbered by armour (ER -2).


Message History

* * * LOW HITPOINT WARNING * * *
The orc priest hits you.
* * * LOW HITPOINT WARNING * * *
Drink which item? (? for menu, Esc to quit)
You feel better.
The orc priest hits you with a hand axe.
* * * LOW HITPOINT WARNING * * *
The orc priest hits you.
* * * LOW HITPOINT WARNING * * *
The ogre closely misses you.
Drink which item? (? for menu, Esc to quit)
You feel better.
The orc priest invokes the aid of Beogh against you.
Pain shoots through your body!
* * * LOW HITPOINT WARNING * * *
The orc priest mumbles some strange prayers to Beogh against you.
Beogh smites you!
* * * LOW HITPOINT WARNING * * *
The ogre hits you with a giant club!
You die...

......... ... .....
##........ #
#..##.#.#.#.......#.
#.#.......#.......>... .
#.#.........[.........
........$....##.#....#.
..#.#...................
......O.......# .#..#.#.
......o@..#...##.#..#.#.
...##.o.............#.#.
#.#.#.#.........#.#.
#.#.#.#..###.#..#.#. #
#.#.#..# #......
#.#.#..###.# .....
#..........# ...
.........#########.
#######............


You could see an ogre and 2 orc priests.

Vanquished Creatures
  The ghost of stultus the Charmwright, an amateur HESk (D:3)
  A giant frog (D:5)
  A scorpion (D:4)
  An orc priest (D:5)
  2 iguanas
  4 orc wizards
  Terence (D:3)
  A worker ant zombie (D:5)
  5 adders
  2 adder skeletons
  5 worms
  3 dart slugs
  A giant gecko (D:5)
  13 orcs
  4 bats
  6 giant cockroaches
  6 goblins
  8 hobgoblins
  7 kobolds
  2 quokkas
  A giant gecko zombie (D:5)
  9 giant newts
  9 rats
93 creatures vanquished.

Vanquished Creatures (collateral kills)
  2 phantoms (D:4)
  An ogre (D:4)
  2 orc wizards
  Ijyb (D:3)
  An adder (D:3)
  An orc (D:3)
8 creatures vanquished.

Vanquished Creatures (others)
  A butterfly (D:2)
1 creature vanquished.

Grand Total: 102 creatures vanquished

Notes
Turn   | Place    | Note
--------------------------------------------------------------
     0 | Abyss:1  | Gargoyl the Demonspawn Abyssal Knight began the quest for the Orb.
     0 | Abyss:1  | Reached XP level 1. HP: 18/18 MP: 2/2
     5 | Abyss:1  | Found a corrupted altar of Lugonu.
    38 | Abyss:1  | Noticed a small abomination
    53 | Abyss:1  | Noticed a large abomination
    77 | Abyss:1  | Found a viscous altar of Jiyva.
   129 | Abyss:2  | Found a corrupted altar of Lugonu.
   179 | Abyss:2  | Noticed a neqoxec
   180 | D:1      | Escaped the Abyss
   214 | D:1      | Reached skill level 1 in Dodging
   254 | D:1      | Reached * piety under Lugonu
   310 | D:1      | Gained mutation: Your movements are slightly less encumbered by armour (ER -2). [demonic ancestry]
   310 | D:1      | Reached XP level 2. HP: 24/24 MP: 3/3
   411 | D:1      | You fall through a shaft!
   854 | D:2      | Gained mutation: You sometimes gain a little power by taking damage. [demonic ancestry]
   854 | D:2      | Reached XP level 3. HP: 29/29 MP: 4/4
   938 | D:2      | Found a basalt altar of Yredelemnul.
  1243 | D:2      | Reached ** piety under Lugonu
  1460 | D:2      | Gained mutation: A weak demonic guardian rushes to your aid. [demonic ancestry]
  1460 | D:2      | Reached XP level 4. HP: 37/37 MP: 5/5
  1469 | D:2      | Found a shimmering altar of Xom.
  2062 | D:3      | Noticed Ijyb
  2069 | D:3      | Killed Ijyb
  2295 | D:3      | Found a shattered altar of Ashenzari.
  2595 | D:3      | Reached XP level 5. HP: 42/42 MP: 6/6
  2743 | D:3      | Noticed stultus's ghost (amateur HESk)
  2759 | D:3      | Killed stultus's ghost
  2911 | D:3      | Noticed Terence
  2918 | D:3      | Killed Terence
  3071 | D:4      | Noticed a phantom
  3073 | D:4      | Found a bloodstained altar of Trog.
  3084 | D:4      | Killed a phantom
  3084 | D:4      | Reached XP level 6. HP: 44/49 MP: 7/7
  3572 | D:4      | Reached *** piety under Lugonu
  3636 | D:4      | Found a radiant altar of Vehumet.
  3636 | D:4      | Found an ancient bone altar of Kikubaaqudgha.
  3640 | D:4      | Found a deep blue altar of Sif Muna.
  3646 | D:4      | Identified Vehumet's Almanac of Conjuration
  4110 | D:4      | Gained mutation: You have sharp fingernails. [demonic ancestry]
  4110 | D:4      | Reached XP level 7. HP: 33/55 MP: 8/8
  4542 | D:5      | Entered Level 5 of the Dungeon
  4563 | D:5      | Reached skill level 5 in Armour
  5026 | D:5      | Reached skill level 5 in Fighting
  5031 | D:5      | Slain by an ogre

Skill      XL: |  1  2  3  4  5  6  7 |
---------------+----------------------+-----
Dodging        | 1 2 |  2.3
Axes           | 2 3 |  3.9
Armour         | 2 3 4 5 |  5.3
Fighting       | 4 5 |  5.0
Throwing       | |  0.1
Stealth        | |  0.4
Invocations    | |  2.6

Action                   |  1- 3 |  4- 6 |  7- 9 || total
-------------------------+-------+-------+-------++-------
Melee: Hand axe          |   139 |    82 |       ||   221
       War axe           |       |   108 |    87 ||   195
Throw: Tomahawk          |       |     4 |       ||     4
Invok: Depart the Abyss  |     1 |       |       ||     1
  Use: Potion            |     1 |     6 |     2 ||     9
       Scroll            |       |       |     1 ||     1
 Stab: Distracted        |       |       |     1 ||     1
  Eat: Chunk             |     2 |     7 |     4 ||    13
       Pizza             |       |     1 |       ||     1
Armor: Ring mail         |    63 |    22 |       ||    85
       Plate armour      |       |   105 |    84 ||   189
Dodge: Dodged            |    91 |    68 |    39 ||   198
